 Dungeon Crawl Stone Soup version 0.29.1-13-g9f3cf754e1 (webtiles) character file.

Game seed: 1542655215503988418

343 javelincjr the Magician (level 6, -1/41 HPs)
             Began as a Djinni Hedge Wizard on Jan 24, 2023.
             Slain by a bullfrog zombie (5 damage)
             ... in an ossuary.
             The game lasted 00:11:43 (3197 turns).

javelincjr the Magician (Djinni Hedge Wizard)       Turns: 3197, Time: 00:11:44

Health: -1/41      AC:  2    Str:  9    XL:     6   Next: 88%
Gold:   135        EV: 12    Int: 19    God:
                   SH:  0    Dex: 13

rFire   + + +      SeeInvis .   m - +8 spear of Absolution {venom, Int+2}
rCold   . . .      Faith    .   (no shield)
rNeg    . . .      Spirit   .   b - +0 robe
rPois   ∞          Reflect  .   c - +0 hat
rElec   +          Harm     .   (no cloak)
rCorr   +          Rampage  .   (no gloves)
Will    .....                   (boots unavailable)
Stlth   ++........              (no amulet)
HPRegen 0.13/turn               (no ring)
MPRegen 0.00/turn               (no ring)

@: resistant, flying
A: sickness immunity, fire resistance 2, cold vulnerability 1, float, innate
caster, HP casting, extra vitality 1
a: no special abilities


You were in an ossuary.
You visited 1 branch of the dungeon, and saw 3 of its levels.
You also visited: Ossuary.

You collected 135 gold pieces.

Inventory:

Hand Weapons
 a - a +0 dagger
 m - the +8 spear of Absolution (weapon) {venom, Int+2}
   (You found it on level 4 of the Dungeon)

   It poisons the flesh of those it strikes.
   Int:       It affects your intelligence (+2).
Armour
 b - a +0 robe (worn)
 c - a +0 hat (worn)
Scrolls
 d - a scroll of magic mapping {unknown}
 f - a scroll of amnesia {unknown}
 g - 6 scrolls of identify {unknown}
 i - a scroll of enchant armour {unknown}
 j - a scroll of poison {unknown}
 l - a scroll of teleportation {unknown}


   Skills:
 + Level 0.9 Fighting
 + Level 1.4 Polearms
 + Level 2.8 Dodging
 + Level 3.0 Stealth
 + Level 4.4 Spellcasting


You couldn't memorise any spells.
You knew the following spells:

 Your Spells              Type           Power      Damage    Failure   Level
a - Magic Dart            Conj           84%        1d7       2%          1
b - Blink                 Tloc           42%        N/A       3%          2
c - Call Imp              Summ           21%        N/A       3%          2
d - Slow                  Hex            84%        N/A       2%          1
e - Conjure Flame         Conj/Fire      21%        6-21      6%          3
f - Mephitic Cloud        Conj/Pois/Air  21%        N/A       6%          3
g - Sandblast             Erth           42%        2d11      2%          1
h - Passwall              Tmut/Erth      17%        N/A       3%          2
Your spell library was empty.

Dungeon Overview and Level Annotations

Branches:
Dungeon (4/15)            Ossuary (1/1)
 Temple: D:4-7

Altars:

Shops:
D:2 (


Innate Abilities, Weirdness & Mutations

You are immune to sickness and miasma.
You are immune to poison.
Your flesh is very heat resistant. (rF++)
You are vulnerable to cold. (rC-)
You float through the air rather than walking.
You learn spells naturally, not from books.
Your magical power is your life essence.
You have superior vitality. (+4 MHP)


Message History

You reach to attack!
You puncture the bullfrog zombie!
The bullfrog zombie is moderately damaged.
A mummy comes into view.
The bullfrog zombie closely misses you.
The bullfrog zombie attacks as you move away!
The bullfrog zombie hits you.
* * * LOW HITPOINT WARNING * * *
There is a gate leading back out of this place here.
You feel better. The bullfrog zombie misses you.
It was a potion of flight.
You feel more buoyant.
The bullfrog zombie barely misses you. x2
Okay, then.
Casting: Call Imp (safe; 3% risk of failure)
Confirm with . or Enter, or press ? or * to list all spells.
Okay, then.
The bullfrog zombie misses you. The mummy hits you.
There is an empty arch of ancient stone here.
The bullfrog zombie closely misses you.
A killer bee zombie comes into view.
The mummy completely misses you. The bullfrog zombie closely misses you.
There is an open door here.
The bullfrog zombie attacks as you move away!
The bullfrog zombie hits you but does no damage.
A bullfrog zombie comes into view.
The bullfrog zombie moves out of view.
A bog mummy and a bullfrog zombie come into view.
The bullfrog zombie hits you.
* * * LOW HITPOINT WARNING * * *
The bullfrog zombie hits you.
* * * LOW HITPOINT WARNING * * *
The bullfrog zombie attacks as you move away!
The bullfrog zombie closely misses you. The bullfrog zombie hits you.
* * * LOW HITPOINT WARNING * * *
The bullfrog zombie attacks as you move away!
The bullfrog zombie barely misses you.
The bullfrog zombie hits you but does no damage.
The bullfrog zombie attacks as you move away!
The bullfrog zombie hits you.
You die...

## ## ≈#
#≈#≈## ≈
≈≈≈≈ ≈# #≈≈
#≈# ##≈##
~~###
#~@P#P~.~Z#
##ZZ#.M.#+#
#..~~~~~~~~
###M#####~#
+.#...#
#.'.∩.#
#.'.#..∩#
###.#####
'.'


You could see a mummy and 2 bullfrog zombies.

Vanquished Creatures
  An elf zombie (D:4)
  A bullfrog zombie (Ossuary)
  2 centaur zombies (Ossuary)
  A human skeleton (D:4)
  2 mummies (Ossuary)
  An adder (D:2)
  A worm (D:2)
  2 dart slugs
  7 ball pythons
  5 bats (D:1)
  5 endoplasms
  5 giant cockroaches
  3 goblins
  2 hobgoblins
  5 frilled lizards
  3 kobolds (D:1)
  2 orc skeletons (D:4)
  5 rats
53 creatures vanquished.

Vanquished Creatures (collateral kills)
  2 bullfrog zombies (Ossuary)
  2 jackals (D:1)
  A frilled lizard (D:1)
  A rat (D:1)
6 creatures vanquished.

Vanquished Creatures (others)
  49 plants (D:1)
  3 withered plants (Ossuary)
52 creatures vanquished.

Grand Total: 111 creatures vanquished

Notes
Turn   | Place    | Note
-------+----------+-------------------------------------------
     0 | D:1      | javelincjr the Djinni Hedge Wizard began the quest for the
                  | Orb.
     0 | D:1      | javelincjr set off with the following spells memorised:
                  | Magic Dart, Blink, Call Imp, Slow, Conjure Flame, Mephitic
                  | Cloud.
     0 | D:1      | Reached XP level 1. HP: 15/15 MP: 0/0
   374 | D:1      | Reached XP level 2. HP: 20/21 MP: 0/0
  1157 | D:1      | Reached skill level 3 in Spellcasting
  1157 | D:1      | Reached XP level 3. HP: 23/25 MP: 0/0
  1157 | D:1      | Learned a level 1 spell: Sandblast
  2271 | D:2      | Reached XP level 4. HP: 24/31 MP: 0/0
  2510 | D:2      | Found Rymiq's Antique Weapon Boutique.
  2752 | D:2      | You are sucked into a shaft and drop 2 floors!
  2779 | D:4      | Identified the +8 spear of Absolution {venom, Int+2}
  2904 | D:4      | Found a sand-covered staircase.
  2936 | D:4      | Reached skill level 4 in Spellcasting
  2936 | D:4      | Reached XP level 5. HP: 11/35 MP: 0/0
  2936 | D:4      | Learned a level 2 spell: Passwall
  3106 | Ossuary  | Entered an ossuary
  3146 | Ossuary  | Reached XP level 6. HP: 21/41 MP: 0/0
  3151 | Ossuary  | Reached skill level 1 in Polearms
  3197 | Ossuary  | Slain by a bullfrog zombie

Illustrated notes

Levels and vault maps discovered:
D:1:      roderic_crop_circles_arrival_small, layout_basic
D:2:      layout_basic, serial_shops, nicolae_square_shop,
          hangedman_feature_mirror
D:4:      layout_basic, nicolae_ossuary_entry_catacombs, minmay_starry_boxes,
          uniq_crazy_yiuf_cottage
Ossuary:  ossuary_zaba_flooded

Skill      XL: |  1  2  3  4  5  6 |
---------------+-------------------+-----
Spellcasting   | 3 4 |  4.4
Stealth        | 2 3 |  3.0
Polearms       | 1 |  1.4
Fighting       | |  0.9
Dodging        | |  2.8

Action                   |  1- 3 |  4- 6 || total
-------------------------+-------+-------++-------
Melee: Dagger            |   147 |       ||   147
       Punch             |     1 |       ||     1
       Spear             |       |    63 ||    63
 Cast: Magic Dart        |    60 |    17 ||    77
       Sandblast         |     9 |     5 ||    14
       Call Imp          |     3 |     2 ||     5
       Blink             |     1 |     1 ||     2
  Use: Potion            |       |     5 ||     5
 Stab: Sleeping          |       |     5 ||     5
Armor: Robe              |     7 |     6 ||    13
Dodge: Dodged            |    19 |    41 ||    60
